 Dungeon Crawl Stone Soup version 0.29-a0-857-g9b1aa3ac5b (webtiles) character file.

Game seed: 7198534696353029414

828 jimonade the Covered (level 8, -3/63 HPs)
             Began as a Formicid Fighter on July 17, 2022.
             Slain by a gnoll
             ... wielding a +0 halberd
              (9 damage)
             ... on level 5 of the Dungeon.
             The game lasted 00:06:56 (5432 turns).

jimonade the Covered (Formicid Fighter)             Turns: 5432, Time: 00:06:56

Health: -3/63      AC: 13    Str: 21    XL:     8   Next: 17%
Magic:  8/8        EV:  7    Int: 10    God:
Gold:   261        SH:  5    Dex: 13    Spells: 7/7 levels left

rFire   . . .      SeeInvis +   a - +0 quarterstaff
rCold   . . .      Faith    .   c - +0 buckler
rNeg    . . .      Spirit   .   e - +0 chain mail
rPois   .          Reflect  .   (helmet unavailable)
rElec   .          Harm     .   q - +0 cloak
rCorr   .          Rampage  .   y - +0 pair of gloves
Will    .....                   n - +0 pair of boots
Stlth   ..........              (no amulet)
HPRegen 0.20/turn               (no ring)
MPRegen 0.11/turn               (no ring)

@: lethally poisoned (-3 -> -5)
A: permanent stasis, dig shafts and tunnels, antennae 3, four strong arms
a: Dig, Shaft Self


You were on level 5 of the Dungeon.
You visited 1 branch of the dungeon, and saw 5 of its levels.

You collected 261 gold pieces.

Inventory:

Hand Weapons
 a - a +0 quarterstaff (weapon)
 k - a +0 sling
 t - a +0 rapier
Missiles
 u - 3 poisoned darts
 x - 2 silver boomerangs
Armour
 b - a +0 scale mail
 c - a +0 buckler (worn)
 e - a +0 chain mail (worn)
 n - a +0 pair of boots (worn)
 q - a +0 cloak (worn)
 y - a +0 pair of gloves (worn)
Wands
 w - a wand of flame (22)
Scrolls
 g - a scroll of amnesia {unknown}
 h - 3 scrolls of identify {unknown}
 j - 2 scrolls of teleportation {unknown}
 l - 3 scrolls of fear {unknown}
 o - 3 scrolls of magic mapping {unknown}
 p - a scroll of immolation {unknown}
 s - a scroll of poison {unknown}
 v - a scroll of enchant armour {unknown}
Potions
 d - a potion of might
 f - a potion of attraction {unknown}
 i - 3 potions of curing {unknown}
 m - 2 potions of flight {unknown}
 r - 2 potions of ambrosia {unknown}


   Skills:
 * Level 5.6 Fighting
 + Level 5.5 Staves
 + Level 5.8 Armour
 + Level 0.6 Dodging
 + Level 5.5 Shields


You had 7 spell levels left.
You didn't know any spells.
Your spell library contained the following spells:

 Spells                   Type           Power      Damage    Failure   Level
 Static Discharge         Conj/Air       0%         3-3/arc   99%         2
 Tukima's Dance           Hex            0%         N/A       100%        3
 Dispel Undead            Necr           0%         3d6       100%        4
 Passage of Golubria      Tloc           0%         N/A       100%        4
 Sticky Flame             Conj/Fire      0%         2d3       100%        4
 Yara's Violent Unravell  Hex/Tmut       0%         3d3       100%        5


Dungeon Overview and Level Annotations

Branches:
Dungeon (5/15)             Temple (0/1) D:4

Altars:
Cheibriados
Elyvilon
Fedhas
Makhleb
Trog
Uskayaw

Annotations:
D:4 exclusion: downstairs


Innate Abilities, Weirdness & Mutations

You cannot be hasted, slowed, berserked, paralysed or teleported.
You can dig through walls and to a lower floor.
You have a pair of large antennae on your head. (SInv)
Your four strong arms can wield two-handed weapons with a shield.


Message History

The gnoll hits you from afar with a +0 halberd.
The scorpion barely misses you.
You hit the scorpion.
The scorpion is heavily wounded.
You feel very sick.
The gnoll hits you from afar with a +0 halberd.
You block the scorpion's attack.
You hit the scorpion.
The scorpion is almost dead.
You feel very sick. The gnoll closely misses you.
The scorpion stings you but does no damage.
You hit the scorpion but do no damage.
The scorpion is almost dead.
You feel sick. The gnoll hits you but does no damage.
You block the scorpion's attack.
You hit the scorpion but do no damage.
The scorpion is almost dead.
You feel sick.
The scorpion stings you but does no damage.
The gnoll hits you from afar with a +0 halberd!
* * * LOW HITPOINT WARNING * * *
You block the scorpion's attack.
You barely miss the scorpion.
The scorpion is almost dead.
You feel sick.
You hear a distant slurping noise.
The gnoll closely misses you.
The scorpion stings you but does no damage.
The gnoll hits you but does no damage.
You hit the scorpion.
The scorpion is almost dead.
You feel sick. The scorpion completely misses you.
The gnoll closely misses you.
You closely miss the scorpion.
The scorpion is almost dead.
You feel sick.
The scorpion stings you but does no damage.
The gnoll hits you from afar with a +0 halberd!
You die...

....### #....# {
###...#####.##.## .
)####.......##..# ...
........#######.####....[..
..........>................
..._........######.##.....
.......####.### .......
.⌠.....# #...######...#
.......# ###...@###...#
.....### ####.s.....#
._.).# ###g...####. ...###
##.......... ##..#
#..#...##### ###.#
####.#....# # ...
#..g....#.... ###
#§≈..'..###....###
+..§≈#..# ...#..#


You could see a scorpion and a gnoll.

Vanquished Creatures
  Grinder (D:3)
  Menkaure (D:4)
  A scorpion (D:4)
  2 necrophages (D:4)
  An orc priest (D:5)
  An iron imp (D:3)
  2 iguanas (D:4)
  2 orc wizards (D:4)
  A gnoll (D:1)
  9 adders
  2 worms (D:2)
  2 dart slugs
  6 orcs (D:4)
  7 bats
  6 endoplasms
  4 giant cockroaches
  5 goblins
  3 hobgoblins
  4 jackals (D:2)
  3 quokkas
  13 ball pythons
  2 frilled lizards (D:1)
  6 kobolds
  5 rats
89 creatures vanquished.

Vanquished Creatures (others)
  3 plants (D:2)
3 creatures vanquished.

Grand Total: 92 creatures vanquished

Notes
Turn   | Place    | Note
-------+----------+-------------------------------------------
     0 | D:1      | jimonade the Formicid Fighter began the quest for the Orb.
     0 | D:1      | Reached XP level 1. HP: 18/18 MP: 1/1
   196 | D:1      | Reached XP level 2. HP: 24/24 MP: 2/2
   254 | D:1      | Found a faded altar of an unknown god.
   479 | D:1      | Reached XP level 3. HP: 30/30 MP: 3/3
  1125 | D:2      | Found a burning altar of Makhleb.
  1433 | D:2      | Reached XP level 4. HP: 28/37 MP: 4/4
  2018 | D:2      | Reached XP level 5. HP: 43/43 MP: 5/5
  2547 | D:3      | Found a snail-covered altar of Cheibriados.
  3009 | D:3      | Noticed Grinder
  3030 | D:3      | Killed Grinder
  3031 | D:3      | Reached skill level 5 in Armour
  3031 | D:3      | Reached XP level 6. HP: 8/50 MP: 6/6
  3558 | D:3      | Reached skill level 5 in Fighting
  3580 | D:3      | Reached XP level 7. HP: 56/56 MP: 7/7
  4506 | D:4      | Reached skill level 5 in Shields
  4589 | D:4      | Found a blossoming altar of Fedhas.
  4652 | D:4      | Found a staircase to the Ecumenical Temple.
  4738 | D:5      | Entered Level 5 of the Dungeon
  4738 | D:5      | Noticed Menkaure
  4738 | D:5      | Found a bloodstained altar of Trog.
  4757 | D:4      | Reached skill level 5 in Staves
  5078 | D:4      | Killed Menkaure
  5079 | D:4      | Reached XP level 8. HP: 15/63 MP: 8/8
  5339 | D:5      | Found a white marble altar of Elyvilon.
  5341 | D:5      | Found a hide-covered altar of Uskayaw.
  5432 | D:5      | Slain by a gnoll

Illustrated notes

Levels and vault maps discovered:
D:1:      wheals_arrival_linesprint, layout_loops_ring,
          ebering_ecumenical_altar_abandoned
D:2:      minmay_recursive_quarters, layout_loops_ring, basic_altar,
          minmay_shallow_snake_nest
D:3:      layout_loops_ring, slow_altar_1, serial_co_window_serial,
          co_window_paths_a, co_window_corner_a, co_window_paths_a,
          co_window_paths_a, co_window_corner_a, co_window_corner_b,
          co_window_2corner, co_window_unsneaky_path_d,
          co_window_unsneaky_path_b, co_window_broadway_b,
          co_window_of_opportunity_b, co_window_of_opportunity_c,
          co_window_4corner_b, glass_columns_b, glass_columns_b,
          glass_columns_c, glass_columns_a, glass_columns_b, uniq_grinder
D:4:      layout_cave_pools, fedhas_altar_4, minmay_temple_entry_from_below_a,
          minmay_misc_feat_x, patterned_corridor
D:5:      layout_rooms, grunt_temple_overflow_open, hangedman_decor_opposing,
          kennysheep_generic_room_14, uniq_duvessa, uniq_menkaure

Skill      XL: |  1  2  3  4  5  6  7 |
---------------+----------------------+-----
Fighting       | 4 5 |  5.6
Armour         | 4 5 |  5.8
Staves         | 3 4 5 |  5.5
Shields        | 5 |  5.5
Dodging        | |  0.6

Action                   |  1- 3 |  4- 6 |  7- 9 || total
-------------------------+-------+-------+-------++-------
Melee: Quarterstaff      |    71 |   130 |   145 ||   346
Armor: Chain mail        |    46 |    88 |    99 ||   233
Dodge: Dodged            |    34 |    50 |    66 ||   150
Block: Buckler           |    24 |    47 |    47 ||   118

Table legend: (Time is in decaauts)
 A = Elapsed time spent in this place.
 B = Non-inter-level travel time spent in this place.
 C = Inter-level travel time spent in this place.
 D = Time resting spent in this place.
 E = Time spent auto-exploring this place.
 F = Levels seen in this place.
 G = Mean time per level.
                   A        B        C        D        E       F      G
               +--------+--------+--------+--------+--------+-----+--------+
         Total |   5487 |   5203 |    284 |   1356 |   2928 |   5 | 1097.4 |
       Dungeon |   5487 |   5203 |    284 |   1356 |   2928 |   5 | 1097.4 |
               +--------+--------+--------+--------+--------+-----+--------+

Top non-repeatable levels by time:
     D:3: 1868 daAuts
     D:4: 1204 daAuts
     D:2: 1151 daAuts
     D:1: 1134 daAuts
     D:5: 128 daAuts
